 Dungeon Crawl Stone Soup version 0.27.1-33-g824d729ab1 (webtiles) character file.

Game seed: 9598885366787549726

42 austinbyrn the Shield-Bearer (level 3, -2/24 HPs)
             Began as a Gargoyle Fighter on Dec 11, 2021.
             Slain by a kobold (4 damage)
             ... on level 2 of the Dungeon.
             The game lasted 00:01:50 (1251 turns).

austinbyrn the Shield-Bearer (Gargoyle Fighter)     Turns: 1251, Time: 00:01:51

Health: -2/24      AC: 10    Str: 20    XL:     3   Next: 56%
Magic:  3/3        EV:  7    Int:  8    God:
Gold:   31         SH:  9    Dex:  9    Spells: 2/2 levels left

rFire    . . .     SeeInvis .   a - +0 flail
rCold    . . .     Faith    .   c - +0 kite shield
rNeg     + . .     Spirit   .   b - +0 scale mail
rPois    ∞         Reflect  .   (no helmet)
rElec    +         Harm     .   (no cloak)
rCorr    .         Rampage  .   (no gloves)
Will     .....                  (no boots)
Stlth    ..........             (no amulet)
HPRegen  0.08/turn              (no ring)
MPRegen  0.08/turn              (no ring)

@: no status effects
A: sickness immunity, AC +3, negative energy resistance 1, electricity
resistance, torment resistance 1, petrification resistance
a: no special abilities


You were on level 2 of the Dungeon.
You visited 1 branch of the dungeon, and saw 2 of its levels.

You collected 31 gold pieces.

Inventory:

Hand Weapons
 a - a +0 flail (weapon)
Armour
 b - a +0 scale mail (worn)
 c - a +0 kite shield (worn)
Scrolls
 e - a scroll of fog {unknown}
 g - a scroll of immolation {unknown}
 h - a scroll of identify {unknown}
 i - 3 scrolls of enchant weapon {unknown}
 j - a scroll of blinking {unknown}
Potions
 d - a potion of might
 f - a potion of flight {unknown}
 k - 2 potions of lignification {unknown}
 l - a potion of degeneration {unknown}
 m - a potion of resistance {unknown}


   Skills:
 + Level 3.6 Fighting
 * Level 2.8 Maces & Flails
 - Level 3.2 Armour
 * Level 4.0 Shields


You had 2 spell levels left.
You didn't know any spells.
Your spell library contained the following spells:

 Spells                   Type           Power      Damage    Failure   Level
 Ozocubu's Armour         Ice            0%         N/A       100%        3
 Stone Arrow              Conj/Erth      0%         3d7       100%        3
 Animate Armour           Summ/Erth      0%         N/A       100%        4
 Ozocubu's Refrigeration  Ice            0%         4d5       100%        7
 Lehudib's Crystal Spear  Conj/Erth      0%         10d2      100%        8


Dungeon Overview and Level Annotations

Branches:
Dungeon (2/15)

Altars:


Innate Abilities, Weirdness & Mutations

You are immune to sickness and miasma.
Your stone body is resilient. (AC +3)
You are immune to poison.
You resist negative energy. (rN+)
You are resistant to electric shocks. (rElec)
You are resistant to unholy torment.
You are immune to petrification.


Message History

You are too injured to fight recklessly!
You are too injured to fight recklessly!
You are too injured to fight recklessly!
You closely miss the kobold.
The kobold is heavily wounded.
The ball python bites you but does no damage.
The ball python constricts you.
The kobold hits you with a +0 short sword.
* * * LOW HITPOINT WARNING * * *
The ball python bites you but does no damage.
The ball python constricts you.
Your shield and scale mail prevent you from hitting the kobold.
The kobold is heavily wounded.
You block the kobold's attack.
The ball python bites you but does no damage.
The ball python constricts you. The kobold hits you but does no damage.
You block the ball python's attack. The ball python constricts you.
* * * LOW HITPOINT WARNING * * *
You barely miss the ball python.
The ball python bites you but does no damage.
The ball python constricts you. You block the kobold's attack.
The ball python bites you but does no damage.
The ball python constricts you.
You barely miss the ball python. The kobold barely misses you.
You block the ball python's attack. The ball python constricts you.
You block the kobold's attack.
The ball python bites you but does no damage.
The ball python constricts you.
You closely miss the ball python. The kobold hits you but does no damage.
You block the ball python's attack. The ball python constricts you.
You sock the ball python!
You kill the ball python!
The kobold barely misses you. The kobold closely misses you.
You closely miss the kobold.
The kobold is moderately wounded.
The kobold hits you with a +0 short sword.
* * * LOW HITPOINT WARNING * * *
You barely miss the kobold. The kobold hits you but does no damage.
The kobold hits you with a +0 short sword.
You die...

# .## # .# .# #. ..# .# .#.
...#.# #.# ..
.#.##.....####.# ..#.#.#
.#..†....###### ....#.##.#
###..@K......
.#.##....###.......########
.#†....####..##..#.<......#
............####...######..
#...###......####....(###..
..........##...............
...###......#######.#..##..
..## #....#.## #.##....
..## ##...#..#### #.##.##.#


You could see a kobold.

Vanquished Creatures
  An adder (D:2)
  2 dart slugs (D:1)
  5 ball pythons
  An endoplasm (D:1)
  2 giant cockroaches (D:1)
  2 goblins (D:1)
  A hobgoblin (D:1)
  3 jackals (D:1)
  2 kobolds (D:1)
  4 bats
  3 frilled lizards (D:1)
  3 rats
29 creatures vanquished.

Notes
Turn   | Place    | Note
-------+----------+-------------------------------------------
     0 | D:1      | austinbyrn the Gargoyle Fighter began the quest for the
                  | Orb.
     0 | D:1      | Reached XP level 1. HP: 14/14 MP: 1/1
   142 | D:1      | Reached XP level 2. HP: 19/19 MP: 2/2
   591 | D:1      | Reached XP level 3. HP: 21/23 MP: 3/3
  1104 | D:2      | Reached skill level 4 in Shields
  1251 | D:2      | Slain by a kobold

Illustrated notes

Levels and vault maps discovered:
D:1:      wheals_arrival_shading, layout_basic
D:2:      layout_rooms, shapermc_ecumenical_altar_notcrosses, uniq_sigmund

Skill      XL: |  1  2  3 |
---------------+----------+-----
Shields        | 4 |  4.0
Fighting       | |  3.6
Maces & Flails | |  2.8
Armour         | |  3.2

Action                   || total
-------------------------++-------
Melee: Flail             ||   107
Armor: Scale mail        ||    74
Dodge: Dodged            ||    45
Block: Kite shield       ||    71
